 Dungeon Crawl Stone Soup version 0.20.1-1-g8b1a95d (webtiles) character file.

370 manon the Cudgeler (level 6, -1/40 HPs)
             Began as a Gargoyle Chaos Knight on Oct 31, 2017.
             Slain by a small abomination (5 damage)
             ... summoned by the capriciousness of Xom
             ... in a sewer.
             The game lasted 00:12:36 (2587 turns).

manon the Cudgeler (Gargoyle Chaos Knight)          Turns: 2587, Time: 00:12:37

Health: -1/40      AC: 14    Str: 16    XL:     6   Next: 70%
Magic:  6/6        EV:  5    Int: 14    God:    Xom [*.....]
Gold:   78         SH: 12    Dex:  9    Spells: 4/5 levels left

rFire    . . .     SeeInvis .   a - +1 mace (chaos)
rCold    . . .     Gourm    .   t - +0 large shield
rNeg     + . .     Faith    .   d - +0 scale mail
rPois    ∞         Spirit   .   o - +0 helmet
rElec    +         Reflect  .   y - +0 cloak
rCorr    .         Harm     .   p - +0 pair of gloves
MR       .....                  (no boots)
Stlth    ..........             (no amulet)
Regen    0.2/turn               (no ring)
MPRegen  0.1/turn               (no ring)

@: no status effects
A: negative energy resistance 1, electricity resistance, unbreathing,
petrification resistance, rot immunity, AC +4
a: Renounce Religion


You were in a sewer.
You worshipped Xom.
You were a special plaything of Xom.
You were not hungry.

You visited 1 branch of the dungeon, and saw 3 of its levels.
You also visited: Sewer.

You collected 78 gold pieces.

Inventory:

Hand Weapons
 a - a +1 mace of chaos (weapon)
 b - a +4 hunting sling
 r - a +0 hunting sling
 C - a +0 hunting sling
Missiles
 f - 61 sling bullets
 l - 32 bolts
 n - 3 javelins (quivered)
 B - 21 arrows
Armour
 d - a +0 scale mail (worn)
 o - a +0 helmet (worn)
 p - a +0 pair of gloves (worn)
 q - a +2 leather armour
 t - a +0 large shield (worn)
 y - a +0 cloak (worn)
Jewellery
 m - a +5 amulet of reflection {unknown}
 v - a +3 ring of dexterity {unknown}
 D - a +4 ring of strength {unknown}
Scrolls
 h - a scroll of immolation {unknown}
 j - a scroll of identify {unknown}
 k - a scroll of remove curse {unknown}
 u - a scroll of teleportation {unknown}
Potions
 e - a potion of might {unknown}
 g - 2 potions of invisibility {unknown}
 s - a potion of agility {unknown}
 x - a potion of ambrosia {unknown}
 z - a potion of brilliance {unknown}
 A - 2 potions of heal wounds {unknown}
Comestibles
 c - 3 bread rations


   Skills:
 + Level 4.9 Fighting
 * Level 5.9 Maces & Flails
 - Level 2.1 Armour
 - Level 0.7 Dodging
 + Level 2.5 Shields


You had 4 spell levels left.
You knew the following spells:

 Your Spells              Type           Power        Failure   Level  Hunger
a - Apportation           Tloc           #.....       100%        1    ##.....


Dungeon Overview and Level Annotations

Branches:
Dungeon (3/15)

Altars:
Ru
The Shining One

Annotations:
Sewer Purgy


Innate Abilities, Weirdness & Mutations

You are resistant to torment.
Your stone body is resilient. (AC +4)
You are immune to poison.
You resist negative energy. (rN+)
You are resistant to electric shocks. (rElec)
You can survive without breathing.
You are immune to petrification.
You are immune to rotting.


Message History

You barely miss the small abomination.
The small abomination is moderately damaged.
Xom's power touches on a nearby monster.
The small abomination flickers and vanishes!
Deactivating autopickup; reactivate with Ctrl-A.
The small abomination hits you.
You block the small abomination's attack.
Your shield and scale mail prevent you from hitting the small abomination.
The small abomination is moderately damaged.
The small abomination hits you!
* * * LOW HITPOINT WARNING * * *
You block the small abomination's attack. x2
As you read the scroll labeled ANOUG GIXEOWIUF, it crumbles to dust.
It is a scroll of enchant weapon.
Your +0 mace of chaos glows red for a moment.
The small abomination hits you.
* * * LOW HITPOINT WARNING * * *
The small abomination hits you.
You die...
Xom thinks this is hilarious!

### #!# #.##
#+##+##'##T##+##+#
..........{x@....#
≈≈≈≈≈≈≈.≈≈≈x≈≈≈≈≈#≈≈
≈≈≈≈≈≈≈∩≈≈≈≈≈≈≈≈≈#≈≈
≈≈≈≈≈≈≈.≈≈≈≈≈≈≈≈≈#≈≈
.................###
#+##+##.##+##+##+#
#.# #∩# ###


You could see Purgy and 2 small abominations.

Vanquished Creatures
  Grinder (D:3)
  An orc wizard (D:2)
  Robin (D:3)
  3 adders (D:2)
  2 worms
  3 dart slugs
  A leopard gecko (D:1)
  A giant cockroach (D:2)
  14 goblins
  12 hobgoblins
  6 jackals
  2 ball pythons
  3 bats (D:1)
  4 frilled lizards
  14 kobolds
  7 rats
75 creatures vanquished.

Vanquished Creatures (collateral kills)
  Ijyb (D:3)
  2 river rats (D:3)
  2 giant cockroaches (D:3)
  A ball python (D:3)
6 creatures vanquished.

Grand Total: 81 creatures vanquished

Notes
Turn   | Place    | Note
-------+----------+-------------------------------------------
     0 | D:1      | manon the Gargoyle Chaos Knight began the quest for the Orb.
     0 | D:1      | Reached XP level 1. HP: 14/14 MP: 1/1
   203 | D:1      | Reached XP level 2. HP: 19/19 MP: 2/2
   571 | D:1      | XOM: cloud trail
   766 | D:2      | XOM: noise
   770 | D:2      | XOM: divination: magic mapping
   789 | D:2      | Learned a level 1 spell: Apportation
   913 | D:2      | XOM: divination: detect creatures
   914 | D:2      | Reached skill level 4 in Maces & Flails
   914 | D:2      | Reached XP level 3. HP: 24/24 MP: 3/3
  1242 | D:1      | XOM: divination: detect creatures
  1510 | D:2      | Found a sacrificial altar of Ru.
  1523 | D:2      | Reached XP level 4. HP: 29/29 MP: 4/4
  1604 | D:2      | Reached skill level 1 in Shields
  1680 | D:2      | Found a glowing golden altar of the Shining One.
  1780 | D:2      | XOM: divination: detect items
  1866 | D:2      | XOM: polymorph adder -> hobgoblin
  2138 | D:3      | Noticed Robin
  2155 | D:3      | XOM: chaos upgrade
  2161 | D:3      | Reached XP level 5. HP: 32/33 MP: 5/5
  2195 | D:3      | Killed Robin
  2233 | D:3      | Noticed Grinder
  2261 | D:3      | Paralysed by something for 3 turns
  2267 | D:3      | Paralysed by something for 7 turns
  2284 | D:3      | Paralysed by Grinder for 5 turns
  2296 | D:3      | Killed Grinder
  2296 | D:3      | Reached skill level 5 in Maces & Flails
  2296 | D:3      | Reached XP level 6. HP: 4/40 MP: 6/6
  2399 | D:3      | XOM: medium Chrm miscast
  2516 | D:3      | Noticed Ijyb
  2516 | D:3      | Paralysed by Ijyb for 7 turns
  2522 | D:3      | Killed Ijyb
  2551 | D:3      | Found a glowing drain.
  2565 | Sewer    | Entered a sewer
  2569 | Sewer    | Noticed Purgy
  2577 | Sewer    | XOM: medium Summ miscast
  2578 | Sewer    | Noticed a small abomination
  2578 | Sewer    | Noticed a small abomination
  2578 | Sewer    | Noticed a small abomination
  2585 | Sewer    | XOM: enchant monster (bad)
  2587 | Sewer    | Slain by a small abomination

Skill      XL: |  1  2  3  4  5 |
---------------+----------------+-----
Maces & Flails | 4 5 |  5.9
Fighting       | 4 |  4.9
Shields        | 1 2 |  2.5
Armour         | |  2.1
Dodging        | |  0.7

Action                   |  1- 3 |  4- 6 || total
-------------------------+-------+-------++-------
Melee: Mace              |   118 |   198 ||   316
 Fire: Hunting sling     |     2 |       ||     2
  Use: Potion            |       |     3 ||     3
       Scroll            |       |     1 ||     1
 Stab: Petrified         |     1 |     4 ||     5
       Paralysed         |       |     3 ||     3
  Eat: Meat ration       |     1 |       ||     1
       Royal jelly       |       |     1 ||     1
Armor: Scale mail        |    88 |   119 ||   207
Dodge: Dodged            |    43 |    24 ||    67
Block: Large shield      |    21 |   127 ||   148
